 Dungeon Crawl Stone Soup version 0.26.1-2-gb8aa6d0cf2 (webtiles) character file.

Game seed: 2191311090139735833

1954 nightchill the Cleaver (level 9, -3/80 HPs)
             Began as a Ghoul Gladiator on Mar 14, 2021.
             Was an Initiate of Ru.
             Slain by a two-headed ogre
             ... wielding a +0 dire flail
              (15 damage)
             ... on level 8 of the Dungeon.
             The game lasted 00:11:35 (7707 turns).

nightchill the Cleaver (Ghoul Gladiator)            Turns: 7707, Time: 00:11:35

Health: -3/80      AC: 13    Str: 20    XL:     9   Next: 19%
Magic:  8/8        EV: 10    Int:  4    God:    Ru [......]
Gold:   447        SH:  0    Dex: 10    Spells: 8/8 levels left

rFire    . . .     SeeInvis .   f - +2 war axe (curse)
rCold    + . .     Faith    .   (no shield)
rNeg     + + +     Spirit   .   F - +0 plate armour
rPois    ∞         Reflect  .   c - +1 helmet
rElec    .         Harm     .   (no cloak)
rCorr    +         Rampage  .   (no gloves)
Will     .....                  E - +0 pair of boots
Stlth    ..........             A - amulet of magic regeneration
HPRegen  0.00/turn              g - ring of resist corrosion
MPRegen  0.36/turn              k - +4 ring of evasion

@: no status effects
A: claws 1, cold resistance 1, negative energy resistance 3, inhibited
regeneration, torment resistance, unbreathing
a: Renounce Religion


You were on level 8 of the Dungeon.
You worshipped Ru.
Ru was noncommittal.
You visited 2 branches of the dungeon, and saw 9 of its levels.

You collected 447 gold pieces.

Inventory:

Hand Weapons
 a - a +0 war axe
 f - a cursed +2 war axe (weapon)
Missiles
 d - 3 throwing nets (quivered)
Armour
 b - a +0 leather armour
 c - a +1 helmet (worn)
 h - a +0 chain mail
 E - a +0 pair of boots (worn)
 F - a +0 plate armour (worn)
Jewellery
 g - a ring of resist corrosion (left claw)
 k - a +4 ring of evasion (right claw)
 t - an uncursed ring of resist corrosion
 A - an amulet of magic regeneration (around neck)
 G - an uncursed ring of see invisible
Wands
 o - a wand of digging (6)
 H - a wand of acid (5)
Scrolls
 i - 2 scrolls of remove curse
 m - 2 scrolls of immolation
 n - a scroll of magic mapping {unknown}
 p - 2 scrolls of fear
 q - a scroll of enchant armour
 r - a scroll of amnesia {unknown}
 s - a scroll of teleportation {unknown}
 y - a scroll of enchant weapon {unknown}
 D - a scroll of random uselessness {unknown}
Potions
 e - 2 potions of heal wounds
 j - a potion of magic
 l - 4 potions of berserk rage
 u - a potion of degeneration
 v - 2 potions of mutation
 w - a potion of invisibility
 x - a potion of might
 z - 2 potions of haste {unknown}
 B - a potion of flight {unknown}
 C - 3 potions of curing


   Skills:
 + Level 7.6 Fighting
 * Level 9.2 Axes
 - Level 1.7 Throwing
 - Level 2.6 Dodging


You had 8 spell levels left.
You didn't know any spells.
Your spell library contained the following spells:

 Spells                   Type           Power        Failure   Level
 Metabolic Englaciation   Hex/Ice        0%           100%        5
 Freezing Cloud           Conj/Ice/Air   0%           100%        6
 Ozocubu's Refrigeration  Ice            0%           100%        6
 Simulacrum               Ice/Necr       0%           100%        6
 Ice Form                 Ice/Tmut       Unusable     N/A         4

Dungeon Overview and Level Annotations

Branches:
Dungeon (8/15)             Temple (1/1) D:6
   Lair: D:8-11

Altars:
Ashenzari
Cheibriados
Dithmenos
Elyvilon
Fedhas
Hepliaklqana
Kikubaaqudgha
Nemelex Xobeh
Okawaru
Ru
Sif Muna
Trog
Uskayaw
Wu Jian
Xom
Yredelemnul
The Shining One

Shops:
D:5 (

Annotations:
D:4 1 runed translucent door, Crazy Yiuf


Innate Abilities, Weirdness & Mutations

You thrive by killing the living.
You are immune to poison.
You have sharp fingernails.
Your flesh is cold resistant. (rC+)
You are immune to negative energy. (rN+++)
You do not regenerate when monsters are visible.
You are immune to unholy pain and torment.
You can survive without breathing.


Message History

The two-headed ogre hits you with a +0 giant spiked club.
* * * LOW HITPOINT WARNING * * *
You hit the two-headed ogre but do no damage.
The two-headed ogre is almost dead.
You barely miss the two-headed ogre.
The two-headed ogre is almost dead.
The two-headed ogre hits you with a +0 dire flail!
* * * LOW HITPOINT WARNING * * *
The two-headed ogre hits you with a +0 giant spiked club!
* * * LOW HITPOINT WARNING * * *
You barely miss the two-headed ogre.
The two-headed ogre is almost dead.
The two-headed ogre completely misses you.
The two-headed ogre hits you but does no damage.
You slash the two-headed ogre!
The two-headed ogre is almost dead.
The two-headed ogre hits you with a +0 dire flail.
* * * LOW HITPOINT WARNING * * *
The two-headed ogre hits you with a +0 giant spiked club!
You die...

#.# #.# #.# #+# #.#
#.# # #.# #.#
#.#.#####.#
#####.#.......####
#.......#####....####
#.###.#@#............
#......O.........####
#.###.#.#.##.###.#####
#.#.#.##.# #.....# #
..# ##.###.###.# #!#
#.....[...# #.#
#.###.##..##. ...
...###........
#.##.........###


You could see a two-headed ogre.

Vanquished Creatures
  An orc warrior (D:7)
  A black bear (D:6)
  2 ogres
  A necrophage (D:7)
  3 centaurs
  2 scorpions
  3 howler monkeys
  3 wights (D:7)
  A jelly (D:7)
  5 hounds
  3 orc priests
  A bullfrog skeleton (D:6)
  A centaur skeleton (D:6)
  6 orc wizards
  Natasha (D:2)
  2 iguanas
  A worker ant (D:4)
  A hound skeleton (D:7)
  7 gnolls
  7 adders
  3 shadow imps
  A white imp (D:5)
  An ufetubus (D:7)
  5 oozes
  A worm (D:3)
  6 dart slugs
  7 leopard geckos
  22 orcs
  7 giant cockroaches
  9 goblins
  10 hobgoblins
  8 jackals
  2 quokkas
  A ball python (D:2)
  10 bats
  7 frilled lizards
  11 kobolds
  4 rats
167 creatures vanquished.

Vanquished Creatures (others)
  28 plants
  2 withered plants (D:3)
30 creatures vanquished.

Grand Total: 197 creatures vanquished

Notes
Turn   | Place    | Note
-------+----------+-------------------------------------------
     0 | D:1      | nightchill the Ghoul Gladiator began the quest for the Orb.
     0 | D:1      | Reached XP level 1. HP: 17/17 MP: 0/0
    44 | D:1      | Reached skill level 3 in Axes
    44 | D:1      | Reached XP level 2. HP: 25/25 MP: 1/1
   387 | D:1      | Reached XP level 3. HP: 20/30 MP: 2/2
  1084 | D:2      | Reached XP level 4. HP: 34/38 MP: 3/3
  1331 | D:2      | Reached skill level 4 in Axes
  1492 | D:2      | Noticed Natasha
  1522 | D:2      | Killed Natasha
  1910 | D:2      | Reached XP level 5. HP: 43/45 MP: 4/4
  2044 | D:2      | Found a shadowy altar of Dithmenos.
  2362 | D:3      | Noticed a centaur
  2381 | D:3      | Killed a centaur
  2382 | D:3      | Reached skill level 5 in Axes
  2401 | D:3      | Reached XP level 6. HP: 42/52 MP: 5/5
  2877 | D:3      | Found a faded altar of an unknown god.
  3051 | D:3      | Found a blossoming altar of Fedhas.
  3055 | D:3      | Found an ancient bone altar of Kikubaaqudgha.
  3259 | D:4      | Found a runed translucent door.
  3260 | D:4      | Noticed Crazy Yiuf
  3806 | D:4      | Reached XP level 7. HP: 45/60 MP: 6/6
  4005 | D:4      | Reached skill level 6 in Axes
  4049 | D:4      | Reached skill level 5 in Fighting
  4600 | D:5      | Entered Level 5 of the Dungeon
  4897 | D:5      | Found Sepna's Weapon Shoppe.
  5227 | D:5      | Reached skill level 7 in Axes
  5228 | D:5      | Found a shimmering blue altar of Sif Muna.
  5339 | D:6      | Reached XP level 8. HP: 65/70 MP: 7/7
  5585 | D:6      | Found a staircase to the Ecumenical Temple.
  5600 | Temple   | Entered the Ecumenical Temple
  5667 | Temple   | Became a worshipper of Ru the Awakened
  5709 | D:6      | Noticed a +0 dagger
  5710 | D:6      | Noticed a +0 hand axe
  5713 | D:6      | Found a hide-covered altar of Uskayaw.
  6459 | D:7      | Found a hazy altar of Hepliaklqana.
  6470 | D:7      | Reached skill level 8 in Axes
  7022 | D:7      | Reached XP level 9. HP: 79/79 MP: 8/8
  7081 | D:7      | Reached skill level 9 in Axes
  7693 | D:8      | Noticed a two-headed ogre
  7707 | D:8      | Slain by a two-headed ogre

Illustrated notes

Levels and vault maps discovered:
D:1:      lemuel_arrival_hallway, layout_rooms, serial_forest,
          infiniplex_forest_clump_C, infiniplex_forest_end_double,
          infiniplex_forest_clump_small, infiniplex_forest_clump_small,
          infiniplex_forest_lined_2, infiniplex_forest_clump_medium,
          infiniplex_forest_end_double, infiniplex_forest_clump_C,
          infiniplex_forest_fountain, infiniplex_forest_straight_1
D:2:      layout_loops_corners, grunt_dithmenos_smoke_and_mirrors, serial_glass,
          glass_columns_a, glass_columns_b, uniq_natasha
D:3:      minmay_spotlight, layout_basic,
          grunt_temple_overflow_growth_and_decay,
          chequers_ecumenical_altar_simple_redux, serial_bayou,
          serial_bayou_pond_c, serial_bayou_shore_a, serial_bayou_pond_a,
          serial_bayou_pond_e
D:4:      layout_basic, chequers_jeans, uniq_crazy_yiuf_cottage
D:5:      layout_gridville, nicolae_overflow_crystal_walls, serial_shops,
          nicolae_shop_stone
D:6:      layout_basic, dancing_weapons_uskayaw,
          minmay_temple_entry_antechambers, uniq_prince_ribbit1
D:7:      layout_basic, nicolae_overflow_hidden_temple, serial_glass,
          glass_columns_a, glass_columns_a, basic_altar
D:8:      cheibrodos_wizards_tower, layout_basic,
          grunt_temple_overflow_lords_of_destruction, david_lair_shrubbed
Temple:   minmay_temple_bridge_abc

Skill      XL: |  1  2  3  4  5  6  7  8  9 |
---------------+----------------------------+-----
Axes           | 3 4 5 7 8 9 |  9.2
Fighting       | 3 4 5 7 |  7.6
Throwing       | |  1.7
Dodging        | |  2.6

Action                   |  1- 3 |  4- 6 |  7- 9 || total
-------------------------+-------+-------+-------++-------
Melee: War axe           |   141 |   240 |   240 ||   621
  Use: Scroll            |       |       |    12 ||    12
Armor: Leather armour    |    65 |       |       ||    65
       Chain mail        |    28 |   161 |   126 ||   315
       Plate armour      |       |       |     5 ||     5
Dodge: Dodged            |   134 |   118 |   128 ||   380
